 Dungeon Crawl Stone Soup version 0.21.1-1-g345015f (webtiles) character file.

1708 Kairos the Cudgeler (level 9, -11/65 HPs)
             Began as a Human Skald on Mar 24, 2018.
             Was a Follower of Sif Muna.
             Mangled by an orc warrior
             ... wielding a +0 glaive
              (15 damage)
             ... on level 5 of the Dungeon.
             The game lasted 00:16:56 (8452 turns).

Kairos the Cudgeler (Human Skald)                   Turns: 8452, Time: 00:16:57

Health: -11/65     AC: 12    Str: 14    XL:     9   Next: 23%
Magic:  10/15      EV: 13    Int: 13    God:    Sif Muna [*.....]
Gold:   374        SH:  0    Dex: 14    Spells: 11/16 levels left

rFire    . . .     SeeInvis .   t - +1 flail (protect)
rCold    . . .     Gourm    .   (no shield)
rNeg     . . .     Faith    .   b - +0 leather armour
rPois    .         Spirit   .   (no helmet)
rElec    .         Reflect  .   h - +0 cloak
rCorr    .         Harm     .   a - +0 pair of gloves
MR       +....                  (no boots)
Stlth    ++........             k - amulet of magic regeneration
HPRegen  0.20/turn              i - ring of protection from magic
MPRegen  0.39/turn              (no ring)

@: shrouded, infused, singing, protection aura, very slightly contaminated
A: no striking features
a: Divine Energy, Renounce Religion


You were on level 5 of the Dungeon.
You worshipped Sif Muna.
Sif Muna was aware of your devotion.
You were not hungry.

You visited 2 branches of the dungeon, and saw 7 of its levels.

You collected 374 gold pieces.

Inventory:

Hand Weapons
 t - a +1 flail of protection (weapon)
 u - a +0 mace of holy wrath
 y - a +0 flail of holy wrath
 z - a +3 whip
Armour
 a - a +0 pair of gloves (worn)
 b - a +0 leather armour (worn)
 h - a +0 cloak (worn)
Magical Staves
 w - an uncursed staff of death
Jewellery
 i - a ring of protection from magic (left hand)
 k - an amulet of magic regeneration (around neck)
Wands
 p - a wand of random effects (78)
 s - a wand of paralysis (13)
Scrolls
 e - 4 scrolls of fear {unknown}
 f - a scroll of blinking {unknown}
 l - 3 scrolls of remove curse {unknown}
 n - 12 scrolls of identify {unknown}
 o - a scroll of enchant armour {unknown}
 q - a scroll of amnesia {unknown}
 r - a scroll of noise {unknown}
 v - a scroll of magic mapping {unknown}
 B - 2 scrolls of teleportation {unknown}
Potions
 g - a potion of mutation {unknown}
 j - 5 potions of curing
 m - 2 potions of might {unknown}
 x - a potion of invisibility {unknown}
 A - a potion of agility {unknown}
Books
 c - a book of Battle

   Spells                             Type                      Level
   a - Infusion                       Charms                       1
   b - Shroud of Golubria             Charms/Translocation         2
   c - Song of Slaying                Charms                       2
   d - Spectral Weapon                Hexes/Charms                 3
   e - Regeneration                   Charms/Necromancy            3
Comestibles
 d - 12 rations
 C - 5 chunks of flesh


   Skills:
 + Level 4.0 Fighting
   Level 2.6(4.7) Axes
 + Level 6.2(6.4) Maces & Flails
 + Level 3.3 Armour
 + Level 4.0 Dodging
 + Level 2.4 Stealth
 + Level 4.0 Spellcasting
 + Level 4.8 Charms
 + Level 2.2 Translocations


You had 11 spell levels left.
You knew the following spells:

 Your Spells              Type           Power        Failure   Level  Hunger
a - Infusion              Chrm           ###.         3%          1    None
b - Song of Slaying       Chrm           ###.....     4%          2    ##.....
c - Shroud of Golubria    Chrm/Tloc      ##........   9%          2    ##.....


Dungeon Overview and Level Annotations

Branches:
Dungeon (6/15)             Temple (1/1) D:5

Altars:
Dithmenos
Kikubaaqudgha
Nemelex Xobeh
Okawaru
Sif Muna
Wu Jian


Message History

Confirm with . or Enter, or press ? or * to list all spells.
Space distorts slightly along a thin shroud covering your body.
The orc warrior barely misses you.
You closely miss the orc warrior. You hit the orc warrior.
Your weapon exudes an aura of protection.
The orc warrior is lightly wounded.
The orc warrior hits you with a glaive!
* * * LOW HITPOINT WARNING * * *
You completely miss the orc warrior.
The orc warrior is lightly wounded.
The orc warrior closely misses you.
You hit the orc warrior.
The orc warrior is moderately wounded.
The orc warrior hits you with a glaive!
* * * LOW HITPOINT WARNING * * *
You closely miss the orc warrior.
The orc warrior is moderately wounded.
The orc warrior hits you with a glaive!
You die...

######### #.......# # #.#####.# #
#.# #.# # #.# #.# ########## #
#.#####.# #........# # #....##.#
#.######.# # #.##.##.####.## #.#
# #.#......@o...# #.# #
####.#..##.####..#####.######
#.......##.# #..#...........
#..#.......# #......<.......
#..####.#######.....#.#.#.###
#..####.##...........###....#
#..#.##.##.####.#...#.#.#.#.#
#####...#.......#...#......###)..
#.................####..#### ##.#


You could see an orc warrior.

Vanquished Creatures
  Edmund (D:4)
  2 sky beasts
  An orc warrior (D:4)
  2 ogres
  3 centaurs (D:5)
  2 bullfrogs
  The ghost of Mirai the Magician, an amateur DECj (D:3)
  2 scorpions
  3 hounds (D:4)
  A jelly (D:5)
  An orc priest (D:4)
  A bullfrog skeleton (D:5)
  Ijyb (D:3)
  4 orc wizards
  2 worker ants (D:4)
  2 iguanas
  A hound skeleton (D:5)
  4 gnolls
  5 adders
  An adder skeleton (D:4)
  3 worms (D:3)
  2 dart slugs
  6 leopard geckos
  15 orcs
  2 ball pythons
  4 giant cockroaches
  6 goblins
  3 hobgoblins
  3 jackals (D:3)
  8 kobolds
  2 quokkas
  5 bats
  A frilled lizard (D:2)
  A jackal zombie (D:6)
  A leopard gecko skeleton (D:5)
  4 rats
  A fungus (D:2)
107 creatures vanquished.

Notes
Turn   | Place    | Note
-------+----------+-------------------------------------------
     0 | D:1      | Kairos the Human Skald began the quest for the Orb.
     0 | D:1      | Reached XP level 1. HP: 16/16 MP: 3/3
    40 | D:1      | Reached XP level 2. HP: 13/22 MP: 0/5
   627 | D:2      | Found a sparkling altar of Nemelex Xobeh.
   928 | D:2      | Found a faded altar of an unknown god.
   933 | D:2      | Reached XP level 3. HP: 27/27 MP: 6/6
  1125 | D:2      | Found an ornate altar of the Wu Jian Council.
  1129 | D:2      | Found a shadowy altar of Dithmenos.
  1129 | D:2      | Found an iron altar of Okawaru.
  1139 | D:2      | Found a deep blue altar of Sif Muna.
  1143 | D:2      | Found an ancient bone altar of Kikubaaqudgha.
  1182 | D:2      | Became a worshipper of Sif Muna the Loreminder
  1855 | D:3      | Noticed Ijyb
  1875 | D:3      | Killed Ijyb
  1875 | D:3      | Reached XP level 4. HP: 20/33 MP: 7/7
  2110 | D:3      | Learned a level 2 spell: Song of Slaying
  2113 | D:3      | Learned a level 2 spell: Shroud of Golubria
  2121 | D:3      | Reached skill level 1 in Maces & Flails
  2128 | D:3      | Reached XP level 5. HP: 37/39 MP: 6/8
  2544 | D:3      | Noticed Mirai's ghost (amateur DECj)
  3734 | D:4      | Noticed an ogre
  3744 | D:4      | Killed an ogre
  3744 | D:4      | Reached skill level 2 in Maces & Flails
  3744 | D:4      | Reached skill level 1 in Stealth
  3744 | D:4      | Reached XP level 6. HP: 16/46 MP: 4/9
  4444 | D:4      | Noticed an orc warrior
  4444 | D:4      | Noticed a sky beast
  4495 | D:4      | Killed an orc warrior
  4495 | D:4      | Reached skill level 3 in Maces & Flails
  4495 | D:4      | Reached XP level 7. HP: 14/52 MP: 10/10
  4956 | D:4      | Noticed Edmund
  5091 | D:3      | Killed Mirai's ghost
  5455 | D:4      | Reached skill level 4 in Maces & Flails
  5731 | D:4      | Reached XP level 8. HP: 50/58 MP: 12/12
  5924 | D:4      | Killed Edmund
  5924 | D:4      | Reached skill level 1 in Translocations
  6097 | D:5      | Entered Level 5 of the Dungeon
  6121 | D:4      | Reached skill level 5 in Maces & Flails
  6513 | D:5      | Found a shadowy altar of Dithmenos.
  6627 | D:5      | Found a staircase to the Ecumenical Temple.
  7035 | D:5      | Reached * piety under Sif Muna
  7035 | D:5      | Reached XP level 9. HP: 22/65 MP: 9/14
  7424 | Temple   | Entered the Ecumenical Temple
  7460 | D:6      | Reached skill level 6 in Maces & Flails
  7911 | D:5      | HP: 2/65 [bullfrog (3)]
  8452 | D:5      | Mangled by an orc warrior

Skill      XL: |  1  2  3  4  5  6  7  8  9 |
---------------+----------------------------+-----
Armour         | 2 3 |  3.3
Maces & Flails | 1 2 3 4 5 6 |  6.2
Stealth        | 1 2 |  2.4
Fighting       | 3 4 |  4.0
Charms         | 4 |  4.8
Dodging        | 3 4 |  4.0
Spellcasting   | 3 4 |  4.0
Translocations | 2 |  2.2
Axes           | |  2.6

Action                   |  1- 3 |  4- 6 |  7- 9 || total
-------------------------+-------+-------+-------++-------
Melee: Hand axe          |   128 |       |       ||   128
       Flail             |    22 |   121 |   209 ||   352
       Mace              |       |       |     6 ||     6
       Whip              |       |       |     5 ||     5
 Cast: Infusion          |     3 |    10 |    16 ||    29
       Song of Slaying   |       |     3 |    19 ||    22
       Shroud of Golubri |       |     1 |    15 ||    16
  Use: Potion            |       |       |     1 ||     1
 Stab: Sleeping          |     1 |     1 |     1 ||     3
  Eat: Ration            |     1 |     1 |       ||     2
       Chunk             |       |     6 |    14 ||    20
Armor: Leather armour    |    43 |    31 |    73 ||   147
Dodge: Dodged            |   105 |    71 |   187 ||   363
